 Dungeon Crawl Stone Soup version 0.30-a0-760-g5a9884bb7c (webtiles) character file.

Game seed: 10529250754863367285

56 runemasterragnar the Cudgeller (level 3, 0/29 (33) HPs)
             Began as a Minotaur Berserker on Feb 11, 2023.
             Was a Follower of Trog.
             Slain by Terence
             ... wielding a +0 falchion of draining
              (3 damage)
             ... on level 2 of the Dungeon.
             The game lasted 00:01:18 (1106 turns).

runemasterragnar the Cudgeller (Minotaur Berserker) Turns: 1106, Time: 00:01:18

HP:   0/29 (33)     AC:  6    Str: 23    XL:     3   Next: 71%
MP:   2/2           EV: 10    Int:  4    God:    Trog [*.....]
Gold: 33            SH:  0    Dex:  9    Spells: 2/2 levels left

rFire   . . .      SeeInvis .    a - +0 mace
rCold   . . .      Faith    .    (no shield)
rNeg    . . .      Spirit   .    e - +0 scale mail
rPois   .          Reflect  .    (helmet restricted)
rElec   .          Harm     .    (no cloak)
rCorr   .          Rampage  .    (no gloves)
Will    .....                    (no boots) Stlth
                                 (no amulet)
HPRegen 0.24/turn                (no ring)
MPRegen 0.08/turn                (no ring)

@: heavily drained
A: horns 2, retaliatory headbutt
a: Renounce Religion, Berserk


You were on level 2 of the Dungeon.
You worshipped Trog.
Trog was aware of your devotion.
You visited 1 branch of the dungeon, and saw 2 of its levels.

You collected 33 gold pieces.

Inventory:

Hand Weapons
 a - a +0 mace (weapon)
Missiles
 h - 2 stones (quivered)
Armour
 b - a +0 animal skin
 e - a +0 scale mail (worn)
Wands
 i - a wand of paralysis (8)
Scrolls
 f - 6 scrolls of identify {unknown}
 g - 3 scrolls of teleportation {unknown}
Potions
 c - a potion of magic {unknown}
 d - a potion of flight {unknown}


   Skills:
 + Level 4.0 Fighting
 * Level 4.4 Maces & Flails
 + Level 2.8 Armour
 + Level 2.7 Dodging
 + Level 1.3 Unarmed Combat
 + Level 0.2 Evocations


You had 2 spell levels left.
You didn't know any spells.
Your spell library was empty.

Dungeon Overview and Level Annotations

Branches:
Dungeon (2/15)

Altars:

Annotations:
D:2 Terence


Innate Abilities, Weirdness & Mutations

You have a pair of horns on your head.
You reflexively headbutt those who attack you in melee.


Message History

You closely miss the jackal.
The jackal is moderately wounded.
The jackal bites you but does no damage.
The jackal closely misses you.
You hit the jackal.
You kill the jackal!
Trog accepts your kill.
No target in view!
No target in view!
You see here a jackal corpse.
An adder comes into view.
Found a ring mail.
An adder is nearby!
An adder is nearby!
You completely miss the adder. You headbutt the adder!
The adder is severely wounded.
The adder barely misses you.
You barely miss the adder. You headbutt the adder.
You kill the adder!
Trog accepts your kill.
Your Fighting skill increases to level 4!
No target in view!
No target in view!
No target in view!
Found a stone staircase leading up.
Terence the Incautious comes into view.
He is wielding a +0 falchion of draining and carrying a wand of light (13).
Terence shouts!
Terence is nearby!
Terence is nearby!
Terence zaps a wand.
The bolt of light hits you!
Terence drinks a potion.
Terence goes berserk!
Terence hits you with a +0 falchion of draining!
You feel drained.
* * * LOW HITPOINT WARNING * * *
You hit Terence but do no damage. Terence barely misses you.
You furiously retaliate!
You headbutt Terence!
Terence hits you with a +0 falchion of draining.
* * * LOW HITPOINT WARNING * * *
You feel drained.
You die...

## .# .# ##. #.. #.#
#@# #@# #.# #.#
#.########
#.##........#
#...........#
#.#.#.#.###.#### ##
.......#........# ##.
#
##...[...##.##.####.#


You could see Terence (berserk).

Vanquished Creatures
  2 adders (D:2)
  2 ball pythons (D:1)
  2 endoplasms
  A giant cockroach (D:2)
  3 goblins (D:1)
  3 hobgoblins
  6 jackals
  3 quokkas
  3 bats (D:1)
  5 kobolds (D:1)
  5 rats (D:1)
35 creatures vanquished.

Notes
Turn   | Place    | Note
-------+----------+-------------------------------------------
     0 | D:1      | runemasterragnar the Minotaur Berserker began the quest for
                  | the Orb.
     0 | D:1      | Reached XP level 1. HP: 19/19 MP: 0/0
   292 | D:1      | Reached XP level 2. HP: 20/27 MP: 1/1
   457 | D:1      | Reached skill level 1 in Unarmed Combat
   805 | D:1      | Reached XP level 3. HP: 33/33 MP: 2/2
  1101 | D:2      | Noticed Terence
  1106 | D:2      | Slain by Terence

Illustrated notes

Levels and vault maps discovered:
D:1:      elethiomel_arrival_maze, layout_basic, nrook_loot_triangle,
          minmay_misc_feat_plants
D:2:      layout_loops_cross, uniq_terence

Skill      XL: |  1  2  3 |
---------------+----------+-----
Maces & Flails | 4 |  4.4
Unarmed Combat | 1 |  1.3
Fighting       | 4 |  4.0
Armour         | |  2.8
Dodging        | |  2.7
Evocations     | |  0.2

Action                     || total
---------------------------++-------
  Melee: Mace              ||    72
         Headbutt          ||    13
 Armour: Animal skin       ||     1
         Scale mail        ||    24
  Dodge: Dodged            ||    52

Table legend: (Time is in decaauts)
 A = Elapsed time spent in this place.
 B = Non-inter-level travel time spent in this place.
 C = Inter-level travel time spent in this place.
 D = Time resting spent in this place.
 E = Time spent auto-exploring this place.
 F = Levels seen in this place.
 G = Mean time per level.
                   A        B        C        D        E       F      G
               +--------+--------+--------+--------+--------+-----+--------+
         Total |   1119 |   1107 |     12 |      0 |    899 |   2 |  559.5 |
       Dungeon |   1119 |   1107 |     12 |      0 |    899 |   2 |  559.5 |
               +--------+--------+--------+--------+--------+-----+--------+

Top non-repeatable levels by time:
     D:1: 901 daAuts
     D:2: 218 daAuts
